 Dungeon Crawl Stone Soup version 0.29-a0-1009-g60c99734e7 (webtiles) character file.

Game seed: 16053860270881875396

273 drugrobin the Chopper (level 5, 0/42 HPs)
             Began as a Demigod Fighter on Aug 8, 2022.
             Succumbed to an adder's poison
             ... in a sewer.
             The game lasted 00:09:09 (2336 turns).

drugrobin the Chopper (Demigod Fighter)             Turns: 2336, Time: 00:09:09

Health: 0/42       AC:  6    Str: 21    XL:     5   Next: 71%
Magic:  7/7        EV:  9    Int: 10    God:
Gold:   161        SH:  4    Dex: 13    Spells: 4/4 levels left

rFire   . . .      SeeInvis .   a - +2 hand axe (elec)
rCold   . . .      Faith    .   c - +0 buckler
rNeg    . . .      Spirit   .   l - +0 scale mail
rPois   .          Reflect  .   (no helmet)
rElec   .          Harm     .   i - scarf {+Inv}
rCorr   .          Rampage  .   (no gloves)
Will    .....                   (no boots)
Stlth   ..........              g - amulet of regeneration
HPRegen 0.94/turn               (no ring)
MPRegen 0.10/turn               (no ring)

@: lethally poisoned (0 -> -3)
A: high MP 1, forlorn, divine attributes
a: Evoke Invisibility


You were in a sewer.
You visited 1 branch of the dungeon, and saw 4 of its levels.
You also visited: Sewer.

You collected 161 gold pieces.

Inventory:

Hand Weapons
 a - a +2 hand axe of electrocution (weapon)
 b - a +1 dagger of venom
 n - a +0 sling
 r - a +0 war axe
Missiles
 f - 18 stones (quivered)
Armour
 c - a +0 buckler (worn)
 i - a scarf of invisibility (worn)
 l - a +0 scale mail (worn)
 m - a +2 robe of fire resistance
Jewellery
 g - an amulet of regeneration (around neck)
Wands
 o - a wand of iceblast (10)
Scrolls
 e - 3 scrolls of vulnerability {unknown}
 h - a scroll of poison {unknown}
 j - 2 scrolls of identify {unknown}
 q - a scroll of silence {unknown}
 v - a scroll of teleportation {unknown}
 x - 2 scrolls of enchant armour {unknown}
Potions
 d - a potion of might
 k - a potion of lignification {unknown}
 p - 2 potions of curing {unknown}
 s - a potion of magic {unknown}
 t - a potion of attraction {unknown}
 u - a potion of brilliance {unknown}
 w - a potion of resistance {unknown}


   Skills:
 + Level 2.7 Fighting
 + Level 5.0 Axes
 - Level 2.7 Armour
 - Level 2.7 Shields
 + Level 2.4 Evocations


You had 4 spell levels left.
You didn't know any spells.
Your spell library was empty.

Dungeon Overview and Level Annotations

Branches:
Dungeon (4/15)              Sewer (1/1)
 Temple: D:4-7

Shops:
D:1 :

Annotations:
D:2 Sigmund


Innate Abilities, Weirdness & Mutations

You have an increased reservoir of magic. (+10% MP)
You shall have no god before yourself.
Your divine heritage dramatically boosts your attributes as you level up.


Message History

The ball python constricts you.
Unknown command.
Unknown command.
Unknown command.
You closely miss the adder.
The adder is moderately wounded.
You completely miss the bullfrog. You closely miss the bullfrog.
You hit the ball python.
You feel sick. The bullfrog hits you. x2
The adder bites you but does no damage.
The bullfrog hits you but does no damage.
The ball python closely misses you. The ball python constricts you.
You block the bullfrog's attack. The adder barely misses you.
Unknown command.
Unknown command.
Unknown command.
You miss the adder.
The adder is moderately wounded.
You barely miss the bullfrog.
You hit the ball python but do no damage.
You barely miss the bullfrog.
You feel sick. The bullfrog hits you.
* * * LOW HITPOINT WARNING * * *
The bullfrog completely misses you.
The ball python bites you but does no damage.
The ball python constricts you. The adder bites you.
* * * LOW HITPOINT WARNING * * *
You are more poisoned.
The adder poisons you! You block the bullfrog's attack. The bullfrog hits you.
* * * LOW HITPOINT WARNING * * *
The ball python barely misses you. The ball python constricts you.
Unknown command.
Unknown command.
Unknown command.
Unknown command.
You closely miss the adder.
The adder is moderately wounded.
You barely miss the bullfrog. You closely miss the bullfrog.
You hit the ball python.
Lightning courses through the ball python!
You kill the ball python!
You die...

#~~~~~~#####
#~~~~~
#~≈~~~≈#
#≈~~~~
#≈~~~~≈#
#~~~~~
#≈~~~~≈#
#~~~≈≈
#≈~~~~≈#
#~~†~≈
#~#~†≈≈#
#≈.†~.
#~~#~≈≈#
#≈~)[.
#~FF≈≈≈#
##..~~
#~@†S≈≈#
#≈≈~~~
#†S#S≈≈#
#≈≈~~~
#~#S~~≈#
#≈~~~~ #≈
~~~≈# #~~~~~
#≈ ~~~≈#
#~~~~≈
#~≈~~~~#
#~~~≈≈ #~
~≈~~# #~~~~~
#. .~..#
##~~~~ #.
.S..# #.....


You could see 2 bullfrogs, an adder and 3 ball pythons.

Vanquished Creatures
  Jessica (D:2)
  Ijyb (D:3)
  2 river rats (Sewer)
  10 adders
  4 dart slugs
  4 orcs (D:3)
  7 endoplasms
  2 giant cockroaches
  5 goblins
  4 hobgoblins
  6 jackals
  4 kobolds
  4 quokkas
  12 ball pythons
  6 bats
  6 frilled lizards
  31 rats
109 creatures vanquished.

Notes
Turn   | Place    | Note
-------+----------+-------------------------------------------
     0 | D:1      | drugrobin the Demigod Fighter began the quest for the Orb.
     0 | D:1      | Reached XP level 1. HP: 18/18 MP: 3/3
   241 | D:1      | Reached skill level 2 in Axes
   335 | D:1      | Found Cuokla's Book Boutique.
   599 | D:1      | Reached XP level 2. HP: 25/25 MP: 4/4
   671 | D:1      | Reached skill level 3 in Axes
   934 | D:2      | Noticed Sigmund
   997 | D:2      | Noticed Jessica
  1022 | D:2      | Killed Jessica
  1023 | D:2      | Reached XP level 3. HP: 26/30 MP: 5/5
  1101 | D:2      | Reached skill level 1 in Evocations
  1420 | D:3      | Noticed Ijyb
  1433 | D:3      | Killed Ijyb
  1434 | D:3      | Reached skill level 4 in Axes
  1434 | D:3      | Reached XP level 4. HP: 37/37 MP: 6/6
  1717 | D:3      | Reached XP level 5. HP: 42/42 MP: 7/7
  1920 | D:4      | Found a glowing drain.
  1953 | Sewer    | Entered a sewer
  2244 | Sewer    | Reached skill level 5 in Axes
  2335 | Sewer    | HP: 1/42 [bullfrog (6)]
  2336 | Sewer    | Succumbed to an adder's poison

Illustrated notes

Levels and vault maps discovered:
D:1:      saegor_arrival_simple_d, layout_rooms, serial_shops,
          nicolae_shop_trees, shapermc_ecumenical_altar_mp_vishouse,
          minmay_indecisive_spiral
D:2:      layout_loops_ring, uniq_sigmund, uniq_jessica
D:3:      layout_rooms, uniq_ijyb
D:4:      layout_basic, gup_sewer_entry_glass
Sewer:    sewer_minmay_w

Skill      XL: |  1  2  3  4  5 |
---------------+----------------+-----
Axes           | 2 3 4 5 |  5.0
Evocations     | 1 2 |  2.4
Fighting       | |  2.7
Armour         | |  2.7
Shields        | |  2.7

Action                   |  1- 3 |  4- 6 || total
-------------------------+-------+-------++-------
Melee: War axe           |    71 |    36 ||   107
       Dagger            |    36 |       ||    36
       Hand axe          |       |   128 ||   128
 Fire: Sling             |     2 |     5 ||     7
Throw: Stone             |     1 |       ||     1
Evoke: Wand              |       |     1 ||     1
Armor: Scale mail        |    53 |    76 ||   129
Dodge: Dodged            |    53 |    59 ||   112
Block: Buckler           |    33 |    44 ||    77

Table legend: (Time is in decaauts)
 A = Elapsed time spent in this place.
 B = Non-inter-level travel time spent in this place.
 C = Inter-level travel time spent in this place.
 D = Time resting spent in this place.
 E = Time spent auto-exploring this place.
 F = Levels seen in this place.
 G = Mean time per level.
                   A        B        C        D        E       F      G
               +--------+--------+--------+--------+--------+-----+--------+
         Total |   2453 |   2329 |    124 |    173 |   1139 |   5 |  490.6 |
       Dungeon |   2000 |   1876 |    124 |    173 |   1038 |   4 |  500.0 |
         Sewer |    453 |    453 |      0 |      0 |    101 |   1 |  453.0 |
               +--------+--------+--------+--------+--------+-----+--------+

Top non-repeatable levels by time:
     D:1: 1034 daAuts
     D:3: 572 daAuts
   Sewer: 453 daAuts
     D:2: 359 daAuts
     D:4: 34 daAuts
